MAA
PORTSMOUTH COASTIES @ VIRGINIA BEACH DEUCES
06/26/2017
 
TOP OF THE 1ST
Elkford Roadrunners batting - Pitching for St. Petersburg Universe : RHP Mackenzie Bolen
Pitching: RHP Mackenzie Bolen
Batting: RHB Roberto Andrade 0-0: Called Strike
0-1: Ball
1-1: Ball
2-1: Ground out 1-3 (Groundball, 25)
Batting: RHB Orlando Trevino 0-0: Swinging Strike
0-1: Called Strike
0-2: Ball
1-2: Strikes out looking
Batting: SHB Joe Adams 0-0: Ball
1-0: Called Strike
1-1: Ball
2-1: Foul Ball, location: 2F
2-2: Fly out, F7 (Flyball, 7LMF)
Top of the 1st over - 0 run(s), 0 hit(s), 0 error(s), 0 left on base; Elkford 0 - St. Petersburg 0
BOTTOM OF THE 1ST
St. Petersburg Universe batting - Pitching for Elkford Roadrunners : RHP Warren Roberts
Pitching: RHP Warren Roberts
Batting: LHB Michael Smith 0-0: Ball
1-0: DOUBLE (Flyball, 89M)
Batting: RHB Teddy Pelham 0-0: Called Strike
0-1: Ball
1-1: Reached on error, E5 (Groundball, 56)
Michael Smith scores
Batting: RHB Gonzalo Núñez 0-0: Ball
1-0: 2-RUN HOME RUN (Flyball, 7D), Distance : 379 ft
Batting: RHB Jim Unknown 0-0: Swinging Strike
0-1: Ball
1-1: Swinging Strike
1-2: Fly out, F8 (Line Drive, 8LM)
Batting: LHB Juan Durán 0-0: Foul Ball, location: 2F
0-1: Ball
1-1: Swinging Strike
1-2: SINGLE (Groundball, 4M)
Batting: LHB Curtis Peters 0-0: Called Strike
0-1: Ball
1-1: SINGLE (Groundball, 4M)
Juan Durán to second
Batting: RHB John Howell 0-0: Ball
1-0: Foul Ball, location: 2F
1-1: Ball
2-1: Ball
3-1: Base on Balls
Juan Durán to third
Curtis Peters to second
Batting: RHB Marvin Collier 0-0: Ball
1-0: Swinging Strike
1-1: SINGLE (Line Drive, 56D)
Juan Durán scores
Curtis Peters to third
John Howell to second
Batting: RHB Travis Lee 0-0: Swinging Strike
0-1: Fly out, F9 (Line Drive, 89S)
Batting: LHB Michael Smith 0-0: Ball
1-0: Ball
2-0: Called Strike
2-1: Swinging Strike
2-2: Strikes out swinging
Bottom of the 1st over - 4 run(s), 5 hit(s), 1 error(s), 3 left on base; Elkford 0 - St. Petersburg 4
TOP OF THE 2ND
Elkford Roadrunners batting - Pitching for St. Petersburg Universe : RHP Mackenzie Bolen
Batting: RHB Jack O'Brien 0-0: Foul Ball, location: 2F
0-1: Called Strike
0-2: Ball
1-2: Strikes out swinging
Batting: RHB Joaquín Chávez 0-0: Ball
1-0: Fly out, F4 (Popup, 4)
Batting: RHB Cal Jackson 0-0: SINGLE (Line Drive, 9LM)
Batting: RHB Steve McLeod 0-0: Ball
1-0: Ball
2-0: SINGLE (Line Drive, 7LM)
Cal Jackson to second
Batting: RHB Luis Silva 0-0: Called Strike
0-1: SINGLE (Line Drive, 78S)
Cal Jackson to third
Steve McLeod to second
Runner from 3rd tries for Home, SAFE, no throw or cutoff
Batting: SHB Al Anderson 0-0: Ball
1-0: SINGLE (Groundball, 4MD)
Steve McLeod to third
Luis Silva to second
Runner from 3rd tries for Home, throw and OUT!
Top of the 2nd over - 1 run(s), 4 hit(s), 0 error(s), 2 left on base; Elkford 1 - St. Petersburg 4
BOTTOM OF THE 2ND
St. Petersburg Universe batting - Pitching for Elkford Roadrunners : RHP Warren Roberts
Batting: RHB Teddy Pelham 0-0: Ball
1-0: Ball
2-0: Called Strike
2-1: Foul Ball, location: 2F
2-2: Ground out 5-3 (Groundball, 5S)
Batting: RHB Gonzalo Núñez 0-0: Called Strike
0-1: Called Strike
0-2: Fly out, F9 (Flyball, 9LS)
Batting: RHB Jim Unknown 0-0: Foul Ball, location: 2F
0-1: Fly out, F8 (Flyball, 8LD)
Bottom of the 2nd over - 0 run(s), 0 hit(s), 0 error(s), 0 left on base; Elkford 1 - St. Petersburg 4
TOP OF THE 3RD
Elkford Roadrunners batting - Pitching for St. Petersburg Universe : RHP Mackenzie Bolen
Batting: RHB Roberto Andrade 0-0: Ball
1-0: Ball
2-0: Ball
3-0: Called Strike
3-1: SINGLE (Groundball, 56D)
Batting: RHB Orlando Trevino 0-0: Ball
1-0: Ball
2-0: Foul Ball, location: 2F
2-1: Foul Ball, location: 2F
2-2: SINGLE (Line Drive, 4MD)
Roberto Andrade to second
Batting: SHB Joe Adams 0-0: Fly out, F7 (Flyball, 7M)
Batting: RHB Jack O'Brien 0-0: Fielders Choice at 2nd, 6-4 (Groundball, 6M)
Roberto Andrade to third
Batting: RHB Joaquín Chávez 0-0: Ball
1-0: Called Strike
1-1: Ball
2-1: Ball
3-1: Ground out 1-3 (Groundball, 13S)
Top of the 3rd over - 0 run(s), 2 hit(s), 0 error(s), 2 left on base; Elkford 1 - St. Petersburg 4
BOTTOM OF THE 3RD
St. Petersburg Universe batting - Pitching for Elkford Roadrunners : RHP Warren Roberts
Batting: LHB Juan Durán 0-0: Fly out, F7 (Flyball, 78M)
Batting: LHB Curtis Peters 0-0: Called Strike
0-1: Foul Ball, location: 2F
0-2: Ball
1-2: Strikes out swinging
Batting: RHB John Howell 0-0: SINGLE (Popup, 8RS)
Batting: RHB Marvin Collier 0-0: Ball
1-0: Called Strike
1-1: Swinging Strike
1-2: Strikes out swinging
Bottom of the 3rd over - 0 run(s), 1 hit(s), 0 error(s), 1 left on base; Elkford 1 - St. Petersburg 4
TOP OF THE 4TH
Elkford Roadrunners batting - Pitching for St. Petersburg Universe : RHP Mackenzie Bolen
Batting: RHB Cal Jackson 0-0: Ball
1-0: Ball
2-0: Foul Ball, location: 2F
2-1: Fly out, F8 (Flyball, 8RS)
Batting: RHB Steve McLeod 0-0: Called Strike
0-1: Foul Ball, location: 2F
0-2: Ball
1-2: Ball
2-2: Ball
3-2: Foul Ball, location: 2F
3-2: Foul Ball, location: 2F
3-2: Strikes out swinging
Batting: RHB Luis Silva 0-0: Ball
1-0: Ball
2-0: Ball
3-0: Base on Balls
Batting: SHB Al Anderson 0-0: Called Strike
0-1: Ball
1-1: Swinging Strike
1-2: Ball
2-2: Strikes out swinging
Top of the 4th over - 0 run(s), 0 hit(s), 0 error(s), 1 left on base; Elkford 1 - St. Petersburg 4
BOTTOM OF THE 4TH
St. Petersburg Universe batting - Pitching for Elkford Roadrunners : RHP Warren Roberts
Batting: RHB Travis Lee 0-0: Ball
1-0: Ball
2-0: Called Strike
2-1: Foul Ball, location: 2F
2-2: Foul Ball, location: 2F
2-2: Hit by Pitch
Batting: LHB Michael Smith 0-0: Foul Ball, location: 2F
0-1: Ball
1-1: Foul Ball, location: 2F
1-2: Fielders Choice at 2nd, 2-4 (Groundball, 2R)
Batting: RHB Teddy Pelham 0-0: Called Strike
0-1: Ball
1-1: Foul Ball, location: 2F
1-2: Ball
2-2: Fly out, F8 (Flyball, 8LS)
Batting: RHB Gonzalo Núñez 0-0: Ball
1-0: Called Strike
1-1: Fly out, F4 (Popup, 4)
Bottom of the 4th over - 0 run(s), 0 hit(s), 0 error(s), 1 left on base; Elkford 1 - St. Petersburg 4
TOP OF THE 5TH
Elkford Roadrunners batting - Pitching for St. Petersburg Universe : RHP Mackenzie Bolen
Batting: RHB Roberto Andrade 0-0: Swinging Strike
0-1: Called Strike
0-2: Ball
1-2: SINGLE (Line Drive, 78S)
Batting: RHB Orlando Trevino 0-0: Foul Ball, location: 2F
0-1: Grounds into double play, 4-6-3 (Groundball, 4)
Batting: SHB Joe Adams 0-0: Ball
1-0: Called Strike
1-1: Ball
2-1: Foul Ball, location: 2F
2-2: SINGLE (Line Drive, 7S)
Batting: RHB Jack O'Brien 0-0: Ball
1-0: Ball
2-0: Swinging Strike
2-1: Fly out, F8 (Popup, 8LS)
Top of the 5th over - 0 run(s), 2 hit(s), 0 error(s), 1 left on base; Elkford 1 - St. Petersburg 4
BOTTOM OF THE 5TH
St. Petersburg Universe batting - Pitching for Elkford Roadrunners : RHP Warren Roberts
Batting: RHB Jim Unknown 0-0: Swinging Strike
0-1: SINGLE (Groundball, 6)
Batting: LHB Juan Durán 0-0: Fly out, F4 (Popup, 9LS)
Batting: LHB Curtis Peters 0-0: Ball
1-0: Fielders Choice at 2nd, 5-4 (Groundball, 5L)
Batting: RHB John Howell 0-0: Ball
1-0: 2-RUN HOME RUN (Flyball, 7D), Distance : 389 ft
Batting: RHB Marvin Collier 0-0: Fly out, F5 (Popup, 15)
Bottom of the 5th over - 2 run(s), 2 hit(s), 0 error(s), 0 left on base; Elkford 1 - St. Petersburg 6
TOP OF THE 6TH
Elkford Roadrunners batting - Pitching for St. Petersburg Universe : RHP Mackenzie Bolen
Batting: RHB Joaquín Chávez 0-0: Foul Ball, location: 2F
0-1: Ball
1-1: Ball
2-1: SINGLE (Line Drive, 7S)
Batting: RHB Cal Jackson 0-0: Foul Ball, location: 2F
0-1: Ball
1-1: Called Strike
1-2: Ball
2-2: Strikes out looking
Batting: RHB Steve McLeod 0-0: Ball
1-0: Ball
2-0: Called Strike
2-1: Foul Ball, location: 2F
2-2: Foul Ball, location: 2F
2-2: Ball
3-2: Fly out, F7 (Flyball, 78M)
Batting: RHB Luis Silva 0-0: Called Strike
0-1: SINGLE (Line Drive, 7S)
Joaquín Chávez to second
Batting: SHB Al Anderson 0-0: Ball
1-0: Called Strike
1-1: Swinging Strike
1-2: Strikes out looking
Top of the 6th over - 0 run(s), 2 hit(s), 0 error(s), 2 left on base; Elkford 1 - St. Petersburg 6
BOTTOM OF THE 6TH
St. Petersburg Universe batting - Pitching for Elkford Roadrunners : RHP Warren Roberts
Batting: RHB Travis Lee 0-0: Fly out, F9 (Flyball, 9M)
Batting: LHB Michael Smith 0-0: Ball
1-0: Ball
2-0: Called Strike
2-1: Called Strike
2-2: Fly out, F8 (Flyball, 8LM)
Batting: RHB Teddy Pelham 0-0: Called Strike
0-1: Ground out 5-3 (Groundball, 5)
Bottom of the 6th over - 0 run(s), 0 hit(s), 0 error(s), 0 left on base; Elkford 1 - St. Petersburg 6
TOP OF THE 7TH
Elkford Roadrunners batting - Pitching for St. Petersburg Universe : RHP Mackenzie Bolen
Batting: RHB Roberto Andrade 0-0: Foul Ball, location: 2F
0-1: Ball
1-1: Ball
2-1: Swinging Strike
2-2: Fly out, F7 (Line Drive, 78M)
Batting: RHB Orlando Trevino 0-0: Foul Ball, location: 2F
0-1: Ball
1-1: Swinging Strike
1-2: Strikes out swinging
Batting: SHB Joe Adams 0-0: Foul Ball, location: 2F
0-1: Ball
1-1: Ball
2-1: Foul Ball, location: 2F
2-2: Foul Ball, location: 2F
2-2: Ground out 1-3 (Groundball, 15)
Top of the 7th over - 0 run(s), 0 hit(s), 0 error(s), 0 left on base; Elkford 1 - St. Petersburg 6
BOTTOM OF THE 7TH
St. Petersburg Universe batting - Pitching for Elkford Roadrunners : RHP Warren Roberts
Batting: RHB Gonzalo Núñez 0-0: Ground out 4-3 (Groundball, 4M)
Batting: RHB Jim Unknown 0-0: Called Strike
0-1: Ball
1-1: Ball
2-1: Called Strike
2-2: DOUBLE (Flyball, 7LD)
Pitching: RHP Felicidade Trovo
Batting: LHB Juan Durán 0-0: SINGLE (Flyball, 7S)
Jim Unknown to third
Runner from 3rd tries for Home, SAFE, throw made home
Juan Durán to second
Batting: LHB Curtis Peters 0-0: Called Strike
0-1: Foul Ball, location: 2F
0-2: Ball
1-2: Foul Ball, location: 2F
1-2: Foul Ball, location: 2F
1-2: Strikes out swinging
Batting: RHB John Howell 0-0: Called Strike
0-1: Ball
1-1: Foul Ball, location: 2F
1-2: SINGLE (Groundball, 5D)
Juan Durán to third
Runner from 3rd tries for Home, SAFE, throw made home
John Howell to second
Batting: RHB Marvin Collier 0-0: Foul Ball, location: 2F
0-1: Ball
1-1: Ball
2-1: Swinging Strike
2-2: Strikes out looking
Bottom of the 7th over - 2 run(s), 3 hit(s), 0 error(s), 1 left on base; Elkford 1 - St. Petersburg 8
TOP OF THE 8TH
Elkford Roadrunners batting - Pitching for St. Petersburg Universe : RHP Mackenzie Bolen
Pitching: RHP Allen Wilson
Batting: RHB Jack O'Brien 0-0: Swinging Strike
0-1: Foul Ball, location: 2F
0-2: Fly out, F7 (Flyball, 7M)
Batting: RHB Joaquín Chávez 0-0: Called Strike
0-1: Ball
1-1: Ball
2-1: Ball
3-1: Foul Ball, location: 2F
3-2: Foul Ball, location: 2F
3-2: Base on Balls
Batting: RHB Cal Jackson 0-0: Ball
1-0: DOUBLE (Line Drive, 5D)
Joaquín Chávez to third
Runner from 3rd tries for Home, SAFE, throw made home
Batting: RHB Steve McLeod 0-0: Called Strike
0-1: Swinging Strike
0-2: Ball
1-2: Ground out 6-3 (Groundball, 6)
Batting: RHB Luis Silva 0-0: Ball
1-0: Ball
2-0: SINGLE (Line Drive, 8RS)
Cal Jackson to third
Runner from 3rd tries for Home, throw and OUT!
Top of the 8th over - 1 run(s), 2 hit(s), 0 error(s), 1 left on base; Elkford 2 - St. Petersburg 8
BOTTOM OF THE 8TH
St. Petersburg Universe batting - Pitching for Elkford Roadrunners : RHP Felicidade Trovo
Batting: RHB Travis Lee 0-0: Ground out 5-3 (Groundball, 5S)
Batting: LHB Michael Smith 0-0: Foul Ball, location: 2F
0-1: Ball
1-1: Swinging Strike
1-2: Ball
2-2: Foul Ball, location: 2F
2-2: Strikes out swinging
Batting: RHB Teddy Pelham 0-0: Ball
1-0: Ball
2-0: Called Strike
2-1: Foul Ball, location: 2F
2-2: Ball
3-2: Strikes out swinging
Bottom of the 8th over - 0 run(s), 0 hit(s), 0 error(s), 0 left on base; Elkford 2 - St. Petersburg 8
TOP OF THE 9TH
Elkford Roadrunners batting - Pitching for St. Petersburg Universe : RHP Allen Wilson
Batting: SHB Al Anderson 0-0: Called Strike
0-1: Foul Ball, location: 2F
0-2: Strikes out looking
Batting: RHB Roberto Andrade 0-0: Called Strike
0-1: Ball
1-1: Ball
2-1: Swinging Strike
2-2: Strikes out looking
Batting: RHB Orlando Trevino 0-0: Ball
1-0: SINGLE (Groundball, 34D)
Batting: SHB Joe Adams 0-0: Foul Ball, location: 2F
0-1: Swinging Strike
0-2: Strikes out swinging
Top of the 9th over - 0 run(s), 1 hit(s), 0 error(s), 1 left on base; Elkford 2 - St. Petersburg 8
This league is powered by Out of the Park Baseball, the baseball management simulation game for PC, Mac and Linux
Saturday, February 27th, 2021 - OOTP Baseball 15.6 Build 34